 Dungeon Crawl Stone Soup version 0.29.1-14-g9c671dbff4 (webtiles) character file.

Game seed: 4242989744296884519

11410 Gabide the Markself (level 11, -1/75 HPs)
             Began as a Deep Elf Hunter on Feb 12, 2023.
             Was a Plaything of Xom.
             Slain by a death yak simulacrum (20 damage)
             ... in an ice cave.
             The game lasted 00:31:43 (10949 turns).

Gabide the Markself (Deep Elf Hunter)              Turns: 10949, Time: 00:31:44

Health: -1/75      AC: 11    Str: 13    XL:     11   Next: 48%
Magic:  13/13      EV: 21    Int: 15    God:    Xom [......]
Gold:   533        SH:  0    Dex: 22    Spells: 10/10 levels left

rFire   + . .      SeeInvis .   a - +3 shortbow
rCold   . . .      Faith    .   (shield currently unavailable)
rNeg    + . .      Spirit   .   u - +3 leather armour of Samoyme {rN+ Str+3}
rPois   +          Reflect  .   (no helmet)
rElec   .          Harm     .   q - +0 cloak
rCorr   +          Rampage  .   (no gloves)
Will    .....      Rnd*Tele +   (no boots)
Stlth   ++++......              I - amulet of the acrobat
HPRegen 0.22/turn               B - ring of poison resistance
MPRegen 0.13/turn               y - ring of the Locust {rF+ rCorr AC+4 Str+4}

@: especially stealthy, weak-willed, unable to read
A: talons 1, robust 1, teleportitis 1, weak 1, wild magic 1, inability to read
after injury 1
a: Renounce Religion


You were in an ice cave.
You worshipped Xom.
You were a very special plaything of Xom.
You visited 3 branches of the dungeon, and saw 11 of its levels.
You also visited: Ice Cave.

You collected 533 gold pieces.

Inventory:

Hand Weapons
 a - a +3 shortbow (weapon)
Missiles
 p - 4 curare-tipped darts
 C - 3 datura-tipped darts
Armour
 q - a +0 cloak (worn)
 u - the +3 leather armour of Samoyme (worn) {rN+ Str+3}
   (You found it on level 4 of the Dungeon)

   Str:       It affects your strength (+3).
   rN:        It protects you from negative energy.
Jewellery
 h - a ring of flight
 y - the ring of the Locust (right hand) {rF+ rCorr AC+4 Str+4}
   (You found it on level 6 of the Dungeon)

   [ring of protection]

   AC:        It affects your AC (+4).
   Str:       It affects your strength (+4).
   rF:        It protects you from fire.
   rCorr:     It protects you from acid and corrosion.
 B - a ring of poison resistance (left hand)
 I - an amulet of the acrobat (around neck)
Wands
 r - a wand of polymorph (2)
 z - a wand of paralysis (1)
 D - a wand of flame (12)
Scrolls
 d - a scroll of silence {unknown}
 f - a scroll of identify
 g - 4 scrolls of poison
 k - a scroll of fear {unknown}
 l - a scroll of teleportation
 n - a scroll of magic mapping
Potions
 c - a potion of invisibility {unknown}
 e - 3 potions of brilliance
 i - a potion of lignification
 j - a potion of flight
 o - a potion of might {unknown}
 s - 5 potions of attraction
 t - a potion of haste {unknown}
 w - a potion of cancellation
 x - a potion of resistance
 A - a potion of mutation
 G - a potion of berserk rage {unknown}
Miscellaneous
 m - a lightning rod (4/4)


   Skills:
 + Level 8.6 Fighting
 + Level 15.9 Ranged Weapons
 + Level 12.1 Dodging
 - Level 1.2 Stealth


You had 10 spell levels left.
You didn't know any spells.
Your spell library contained the following spells:

 Spells                   Type           Power      Damage    Failure   Level
 Foxfire                  Conj/Fire      0%         2x1d4     43%         1
 Conjure Flame            Conj/Fire      0%         6-21      78%         3
 Inner Flame              Hex/Fire       0%         N/A       78%         3
 Flame Wave               Conj/Fire      0%         2d4       99%         4


Dungeon Overview and Level Annotations

Branches:
Dungeon (8/15)             Temple (1/1) D:5            Lair (2/5) D:8
  IceCv (1/1)
  Swamp: Lair:2-3    Shoals: Lair:2-3     Snake: Lair:2-3    Spider: Lair:2-3

Altars:
Ashenzari
Cheibriados
Dithmenos
Elyvilon
Fedhas
Gozag
Kikubaaqudgha
Makhleb
Nemelex Xobeh
Okawaru
Qazlal
Ru
Sif Muna
Trog
Uskayaw
Vehumet
Wu Jian
Xom
Yredelemnul
Zin
The Shining One

Shops:
D:5 ?

Annotations:
D:3 1 runed translucent door, Crazy Yiuf


Innate Abilities, Weirdness & Mutations

You have sharp toenails.
You are robust. (+10% HP)
You are occasionally teleported next to monsters.
You are weak. (Str -2)
Your spells are a little harder to cast, but a little more powerful.
You occasionally lose the ability to read scrolls when taking damage.


Message History

Xom whispers: Shhh!
You feel stealthy.
Found an ichor-stained leather armour.
Found an ice covered gate leading back out of this place.
There is an ice choked empty arch of ancient stone here.
As you read the scroll labelled HIEPSU WOSO, it crumbles to dust.
Magic quickly surges around you.
It was a scroll of vulnerability.
Aiming: Paralyse
Press: ? - help, Shift-Dir - straight line, f - freezing wraith
Aim: a freezing wraith (weak-willed, chance to affect: 49%)
The freezing wraith suddenly stops moving!
You are too injured to fight recklessly!
Okay, then.
You feel much better.
Fire: a) +3 shortbow
Press: ? - help, Q - select action, (/) - cycle Shift-Dir - straight line, f - cane toad simulacrum, p - freezing wraith
Aim: a cane toad simulacrum (weak-willed, 88% to hit)
You shoot an arrow.
The arrow hits the cane toad simulacrum!
The cane toad simulacrum is heavily damaged.
Fire: a) +3 shortbow
Press: ? - help, Q - select action, (/) - cycle Shift-Dir - straight line, f/p - cane toad simulacrum
Aim: a cane toad simulacrum (heavily damaged, weak-willed, 88% to hit)
You shoot an arrow.
The arrow hits the death yak simulacrum!
The death yak simulacrum is moderately damaged.
Fire: a) +3 shortbow
Press: ? - help, Q - select action, (/) - cycle Shift-Dir - straight line, f/p - cane toad simulacrum
Aim: a cane toad simulacrum (heavily damaged, weak-willed, 88% to hit)
You shoot an arrow.
The arrow hits the death yak simulacrum.
The death yak simulacrum is heavily damaged.
The death yak simulacrum gores you. The death yak simulacrum freezes you!!
A shower of butterflies erupts from you!
The death yak simulacrum gores you!
* * * LOW HITPOINT WARNING * * *
The death yak simulacrum freezes you!!
You feel threatened and lose the ability to read scrolls!
You die...
Xom guffaws!

#######
##b.b..##
#...@bb.#
#..b.ZZ...#
#....b..Z...#
#...........#
#...........#
#......W......#
#....8...8....#
#......[......#


You could see a freezing wraith (paralysed, weak-willed), 2 death yak simulacra
and a cane toad simulacrum (weak-willed).

Vanquished Creatures
  A boulder beetle (Lair:1)
  2 hydras
  2 black mambas
  3 elephants (Lair:2)
  3 cane toads (Lair:1)
  A komodo dragon (Lair:2)
  Prince Ribbit (D:8)
  Grinder (D:3)
  5 yaks
  3 basilisks
  3 wargs (D:8)
  4 water moccasins
  An ice beast (D:4)
  An orc warrior (D:7)
  2 ogres
  A centaur (D:8)
  9 wolves
  A phantom (D:4)
  2 scorpions (D:4)
  2 necrophages
  7 bullfrogs
  A gnoll sergeant (D:4)
  13 wights
  4 killer bees
  6 electric eels
  A jelly (D:5)
  2 lava snakes (Lair:1)
  6 hounds
  3 orc priests
  A gnoll bouda (D:7)
  An iguana (D:3)
  Natasha (thrice) (D:3)
  2 orc wizards
  7 gnolls
  8 adders
  10 white imps
  An ufetubus (D:6)
  2 worms
  2 dart slugs
  17 orcs
  5 ball pythons
  8 bats
  3 endoplasms
  2 giant cockroaches (D:4)
  7 goblins
  5 hobgoblins
  4 jackals (D:2)
  2 kobolds (D:2)
  2 quokkas
  3 frilled lizards
  3 rats (D:1)
189 creatures vanquished.

Vanquished Creatures (collateral kills)
  A two-headed ogre (D:8)
  A basilisk (Lair:1)
  2 adders (Lair:1)
4 creatures vanquished.

Vanquished Creatures (others)
  A basilisk (Lair:1)
  A wolf (Lair:1)
  3 adders (Lair:1)
  4 white imps (Lair:2)
  A bush (Lair:1)
  16 fungi
  88 plants
114 creatures vanquished.

Grand Total: 307 creatures vanquished

Notes
Turn   | Place    | Note
-------+----------+-------------------------------------------
     0 | D:1      | Gabide the Deep Elf Hunter began the quest for the Orb.
     0 | D:1      | Reached XP level 1. HP: 12/12 MP: 3/3
   154 | D:1      | Reached XP level 2. HP: 17/17 MP: 4/4
   435 | D:1      | Reached skill level 6 in Ranged Weapons
   958 | D:2      | Reached XP level 3. HP: 14/21 MP: 5/5
  1347 | D:3      | Noticed Natasha
  1360 | D:3      | Killed Natasha
  1361 | D:3      | Reached skill level 7 in Ranged Weapons
  1361 | D:3      | Reached XP level 4. HP: 6/26 MP: 6/6
  1814 | D:3      | Found a runed translucent door.
  1815 | D:3      | Noticed Crazy Yiuf
  1885 | D:3      | Noticed Natasha
  2222 | D:3      | Killed Natasha
  2223 | D:3      | Reached skill level 8 in Ranged Weapons
  2232 | D:3      | Noticed Natasha
  2243 | D:3      | Killed Natasha
  2244 | D:3      | Reached XP level 5. HP: 21/30 MP: 7/7
  2332 | D:3      | Found a bloodstained altar of Trog.
  2337 | D:3      | Noticed Grinder
  2340 | D:3      | Killed Grinder
  2341 | D:3      | Reached skill level 9 in Ranged Weapons
  2341 | D:3      | Reached XP level 6. HP: 35/35 MP: 8/8
  2801 | D:4      | Reached skill level 10 in Ranged Weapons
  2922 | D:4      | Reached XP level 7. HP: 40/40 MP: 9/9
  3316 | D:4      | Identified the +3 leather armour of Samoyme {rN+ Str+3}
  3470 | D:5      | Entered Level 5 of the Dungeon
  3505 | D:4      | Reached skill level 5 in Dodging
  3551 | D:4      | Reached skill level 11 in Ranged Weapons
  3750 | D:5      | Reached XP level 8. HP: 42/46 MP: 10/10
  3893 | D:5      | Found a glowing golden altar of the Shining One.
  3909 | D:5      | Found a staircase to the Ecumenical Temple.
  3928 | D:5      | Found Ydax's Magic Scroll Emporium.
  3952 | Temple   | Entered the Ecumenical Temple
  4277 | Temple   | Became a worshipper of Xom the Fickle
  4342 | D:6      | XOM: silly message
  4352 | D:6      | XOM: divination: magic mapping
  4415 | D:6      | XOM: divination: detect creatures
  4425 | D:6      | Identified the ring of the Locust {rF+ rCorr AC+4 Str+4}
  4440 | D:6      | XOM: divination: magic mapping
  4797 | D:6      | XOM: 2-stop teleportation journey
  4864 | D:6      | Found a shimmering blue altar of Sif Muna.
  4963 | D:6      | XOM: god gift: plate armour {god gift}
  5241 | D:6      | XOM: summons 5 hostile demons
  5242 | D:6      | Noticed an orange demon
  5242 | D:6      | Noticed an orange demon
  5249 | D:6      | XOM: give mutations
  5249 | D:6      | Gained mutation: You are frail. (-10% HP) [Xom's mischief]
  5249 | D:6      | Gained mutation: You are weak. (Str -2) [Xom's mischief]
  5249 | D:6      | Gained mutation: You are very frail. (-20% HP) [Xom's
                  | mischief]
  5249 | D:6      | Gained mutation: You do not regenerate when monsters are
                  | visible. [Xom's mischief]
  5617 | D:7      | XOM: 2-stop teleportation journey
  5646 | D:7      | Reached skill level 12 in Ranged Weapons
  5668 | D:7      | XOM: god gift: potion of curing
  5807 | D:7      | XOM: summons friendly quasit
  5840 | D:7      | Reached XP level 9. HP: 42/42 MP: 11/11
  5845 | D:7      | Reached skill level 5 in Fighting
  6252 | D:7      | Found a basalt altar of Yredelemnul.
  6417 | D:7      | XOM: god gift: cyan potion {god gift}
  6497 | D:7      | Found a sparkling altar of Nemelex Xobeh.
  6912 | D:8      | Noticed Prince Ribbit
  6925 | D:8      | Killed Prince Ribbit
  6987 | D:8      | Noticed a two-headed ogre
  6996 | D:8      | Killed a two-headed ogre
  6997 | D:8      | Reached skill level 13 in Ranged Weapons
  7138 | D:8      | XOM: scenery: summon butterflies
  7153 | D:8      | Found a staircase to the Lair.
  7160 | D:8      | XOM: silly message
  7164 | D:8      | XOM: enchant monster (good)
  7171 | D:8      | XOM: silly message
  7175 | D:8      | XOM: destruction
  7177 | D:8      | XOM: summons 5 hostile demons
  7350 | D:8      | XOM is BORED!
  7350 | D:8      | XOM: give mutations
  7350 | D:8      | Gained mutation: You have hidden genetic potential. [Xom's
                  | mischief]
  7350 | D:8      | Lost mutation: You are very frail. (-20% HP) [Xom's
                  | mischief]
  7350 | D:8      | Gained mutation: You have a pair of small antennae on your
                  | head. [Xom's mischief]
  7446 | D:8      | XOM: 1-stop teleportation journey
  7554 | D:8      | XOM: enchant monster (good)
  7577 | D:8      | XOM: 8-stop teleportation journey
  7861 | D:8      | Reached XP level 10. HP: 54/54 MP: 12/12
  7916 | D:8      | XOM: summons 2 friendly demons
  7947 | D:8      | XOM: smoke on damage
  8295 | D:8      | XOM: polymorph killer bee -> adder
  8342 | D:7      | XOM: silly message
  8344 | D:7      | Reached skill level 14 in Ranged Weapons
  8403 | D:7      | XOM: give mutations
  8403 | D:7      | Gained mutation: Your body sometimes deteriorates upon
                  | taking damage. [Xom's mischief]
  8403 | D:7      | Gained mutation: Armour fits poorly on your strangely
                  | shaped body. [Xom's mischief]
  8846 | D:8      | XOM: give mutations
  8846 | D:8      | Gained mutation: You are very weak. (Str -4) [Xom's
                  | mischief]
  8846 | D:8      | Gained mutation: Your spells are a little harder to cast,
                  | but a little more powerful. [Xom's mischief]
  8846 | D:8      | Lost mutation: You are frail. (-10% HP) [Xom's mischief]
  8882 | Lair:1   | Entered Level 1 of the Lair of Beasts
  9000 | Lair:1   | Noticed a cane toad
  9010 | Lair:1   | XOM: stat loss: -1 Str (8/11)
  9016 | Lair:1   | HP: 3/61 [cane toad (11)]
  9017 | Lair:1   | Killed a cane toad
  9018 | Lair:1   | Reached skill level 10 in Dodging
  9427 | Lair:1   | XOM: swap monsters
  9552 | Lair:1   | Noticed a seven-headed hydra
  9576 | Lair:1   | Killed a seven-headed hydra
  9588 | Lair:1   | Gained mutation: You are robust. (+10% HP) [hidden
                  | potential]
  9626 | Lair:1   | XOM: 6-stop teleportation journey
  9638 | Lair:1   | XOM: give mutations
  9638 | Lair:1   | Lost mutation: Your body sometimes deteriorates upon taking
                  | damage. [Xom's mischief]
  9638 | Lair:1   | Lost mutation: You have a pair of small antennae on your
                  | head. [Xom's mischief]
  9665 | Lair:1   | Noticed a black mamba
  9665 | Lair:1   | Noticed a cane toad
  9669 | Lair:1   | XOM: swap monsters
  9701 | Lair:1   | XOM: give mutations
  9701 | Lair:1   | Gained mutation: Your mind is acute. (Int +4, Str/Dex -1)
                  | [Xom's grace]
  9701 | Lair:1   | Gained mutation: You have large cloven feet. [Xom's grace]
  9701 | Lair:1   | Lost mutation: You do not regenerate when monsters are
                  | visible. [Xom's grace]
  9701 | Lair:1   | Gained mutation: Your natural rate of healing is unusually
                  | fast. [Xom's grace]
  9882 | Lair:1   | Killed a black mamba
  9896 | Lair:1   | XOM: give mutations
  9896 | Lair:1   | Gained mutation: You have a pair of small horns on your
                  | head. [Xom's grace]
  9896 | Lair:1   | Lost mutation: You are very weak. (Str -4) [Xom's grace]
  9896 | Lair:1   | Gained mutation: You have hoof-like feet. [Xom's grace]
  9896 | Lair:1   | Gained mutation: Your skin changes colour to match your
                  | surroundings (Stealth+). [Xom's grace]
 10006 | Lair:1   | Noticed a boulder beetle
 10013 | Lair:1   | Killed a boulder beetle
 10014 | Lair:1   | Reached skill level 15 in Ranged Weapons
 10077 | Lair:1   | XOM: summons friendly shadow imp
 10079 | Lair:1   | XOM: divine lightning
 10099 | Lair:1   | Killed a cane toad
 10100 | Lair:1   | Reached XP level 11. HP: 63/74 MP: 13/13
 10231 | Lair:1   | XOM: give mutations
 10231 | Lair:1   | Lost mutation: Your mind is acute. (Int +4, Str/Dex -1)
                  | [Xom's mischief]
 10231 | Lair:1   | Lost mutation: Armour fits poorly on your strangely shaped
                  | body. [Xom's mischief]
 10231 | Lair:1   | Lost mutation: You have hoof-like feet. [Xom's mischief]
 10231 | Lair:1   | Lost mutation: You are robust. (+10% HP) [Xom's mischief]
 10412 | Lair:1   | XOM: give mutations
 10412 | Lair:1   | Gained mutation: You occasionally lose the ability to read
                  | scrolls when taking damage. [Xom's mischief]
 10412 | Lair:1   | Gained mutation: You are occasionally teleported next to
                  | monsters. [Xom's mischief]
 10412 | Lair:1   | Lost mutation: Your skin changes colour to match your
                  | surroundings (Stealth+). [Xom's mischief]
 10497 | Lair:2   | XOM: give mutations
 10497 | Lair:2   | Gained mutation: You are robust. (+10% HP) [Xom's grace]
 10497 | Lair:2   | Lost mutation: You have large cloven feet. [Xom's grace]
 10497 | Lair:2   | Gained mutation: You have sharp toenails. [Xom's grace]
 10584 | Lair:2   | XOM: enchant monster (good)
 10621 | Lair:2   | XOM: scenery: summon butterflies
 10658 | Lair:2   | Lost mutation: Your natural rate of healing is unusually
                  | fast. [potion of mutation]
 10658 | Lair:2   | Lost mutation: You have a pair of small horns on your head.
                  | [potion of mutation]
 10658 | Lair:2   | Lost mutation: You have hidden genetic potential. [potion
                  | of mutation]
 10660 | Lair:2   | XOM: 4-stop teleportation journey
 10674 | Lair:2   | XOM: 3-stop teleportation journey
 10681 | Lair:2   | Noticed a five-headed hydra
 10730 | Lair:2   | Noticed a seven-headed hydra
 10837 | Lair:2   | Killed a seven-headed hydra
 10866 | Lair:2   | XOM: destruction
 10884 | Lair:2   | Found a frozen archway.
 10943 | IceCv    | XOM: stealth player
 10943 | IceCv    | Entered an ice cave
 10949 | IceCv    | XOM: butterfly on damage
 10949 | IceCv    | Slain by a death yak simulacrum

Illustrated notes

Levels and vault maps discovered:
D:1:      dpeg_arrival_concentric_ovals, layout_loops_ring,
          minmay_misc_feat_more_columns
D:2:      layout_rooms, kennysheep_cross_bottleneck
D:3:      layout_loops_ring, mainiacjoe_overflow_catwalk, serial_bayou,
          serial_bayou_pond_d, serial_bayou_shore_a, serial_bayou_lagoon_a,
          serial_bayou_shore_b, serial_bayou_shore_b, serial_bayou_ford_a,
          uniq_natasha, uniq_grinder, uniq_crazy_yiuf_cottage
D:4:      layout_rooms
D:5:      minmay_clustersquares, layout_rooms, tso_oasis_becter,
          minmay_temple_entry_statues_fountains, serial_shops,
          nicolae_lakefront_shop
D:6:      layout_loops_ring, old_standard_altar
D:7:      layout_basic, nicolae_overflow_squiral, minivault_14
D:8:      layout_layer_cave, erik_lair_orcish_takeover, uniq_prince_ribbit1
Temple:   compressed_dpeg_triangle_lava_temple
Lair:1:   minmay_lair_venomous_thicket, layout_gridlike, nzn_sisyphean_effort
Lair:2:   layout_loops_ring, portal_ice_cave_entry_imps, serial_bayou,
          serial_bayou_crossing, serial_bayou_shore_b, serial_bayou_lagoon_b,
          serial_bayou_pond_c, serial_bayou_shore_b, lemuel_fruit_fields
IceCv:    ice_cave_statue_garden_transporter

Skill      XL: |  1  2  3  4  5  6  7  8  9 10 11 |
---------------+----------------------------------+-----
Ranged Weapons | 6 7 8 9 10 11 12 13 15 | 15.9
Fighting       | 2 3 4 6 7 8 |  8.6
Dodging        | 3 5 7 9 11 12 | 12.1
Stealth        | |  1.2

Action                   |  1- 3 |  4- 6 |  7- 9 | 10-12 || total
-------------------------+-------+-------+-------+-------++-------
Melee: Unarmed           |       |     6 |       |       ||     6
 Fire: Shortbow          |    89 |    69 |   367 |   373 ||   898
Throw: Boomerang         |       |       |     3 |     1 ||     4
       Dart              |       |       |     1 |     7 ||     8
Evoke: Wand              |       |       |    10 |    11 ||    21
  Use: Potion            |     1 |       |     2 |     9 ||    12
       Scroll            |       |     2 |     5 |    12 ||    19
Armor: Leather armour    |     9 |     3 |    29 |    42 ||    83
       Skin              |       |     1 |       |       ||     1
Dodge: Dodged            |    26 |    17 |   111 |   256 ||   410
